 Dungeon Crawl Stone Soup version 0.31-a0-1074-g0b22e4e0f1 (webtiles) character file.

Game seed: 16334678401695182129

1598 phynasty the Conjurer (level 8, -1/62 HPs)
             Began as a Black Draconian Conjurer on Nov 27, 2023.
             Slain by a gnoll bouda
             ... wielding a +0 club
              (7 damage)
             ... on level 6 of the Dungeon on Dec 6, 2023.
             The game lasted 00:26:12 (6245 turns).

phynasty the Conjurer (Black Draconian Conjurer)    Turns: 6245, Time: 00:26:13

Health: -1/62      AC:  6    Str:  9    XL:     8   Next: 62%
Magic:  25/25      EV: 13    Int: 20    God:
Gold:   162        SH:  0    Dex: 11    Spells: 16/18 levels left

rFire   . . .        i - +4 quarterstaff "Uqyodeol" {vamp, MP+9}
rCold   + . .        (shield currently unavailable)
rNeg    . . .        (body armour unavailable)
rPois   .            (helmet restricted)
rElec   +            (no cloak)
rCorr   .            (no gloves)
SInv    .            (no boots)
Will    .....        (no amulet)
Stlth   ++           n - ring of protection from fire
HPRegen 0.30/turn    t - ring of ice
MPRegen 0.19/turn

%: no passive effects
@: weakened
A: breathe lightning, AC +6, unfitting armour, electricity resistance,
cold-blooded
a: Breathe Lightning


You were on level 6 of the Dungeon.
You visited 1 branch of the dungeon, and saw 6 of its levels.
You also visited: Sewer.

You collected 227 gold pieces.
You spent 65 gold pieces at shops.

Inventory:

Hand Weapons
 b - a +0 short sword
 f - a +0 mace
 g - a +0 short sword
 i - the +4 quarterstaff "Uqyodeol" (weapon) {vamp, MP+9}
   (You found it on level 2 of the Dungeon)

   MP+9:      It affects your magic capacity (+9).
 j - a +0 quarterstaff
 k - a +0 rapier
 m - a +0 dagger of speed
 p - a +0 scimitar
 u - a +0 scimitar
Missiles
 q - a throwing net
Armour
 h - a +0 robe
Magical Staves
 s - a staff of cold
 y - a staff of fire
Jewellery
 n - a ring of protection from fire (left hand)
 t - a ring of ice (right hand)
 v - a ring of see invisible
 x - an amulet of regeneration
 A - a ring of flight
Wands
 l - a wand of flame (19)
 B - a wand of paralysis (9)
Scrolls
 e - 4 scrolls of identify
 o - 2 scrolls of teleportation
 r - a scroll of butterflies
Potions
 a - a potion of magic
 c - a potion of brilliance {unknown}
 d - 2 potions of resistance {unknown}
 w - 2 potions of enlightenment {unknown}
 z - 2 potions of curing {unknown}


   Skills:
 + Level 2.4 Fighting
 + Level 3.9 Staves
 + Level 3.7 Dodging
 + Level 2.8 Stealth
 + Level 1.3 Unarmed Combat
 + Level 5.5 Spellcasting
 + Level 7.5 Conjurations
 + Level 0.4 Evocations


You had 16 spell levels left.
You knew the following spells:

 Your Spells              Type           Power      Damage    Failure   Level
a - Magic Dart            Conj           100%       1d8       1%          1
b - Apportation           Tloc           10%        N/A       11%         1

Your spell library contained the following spells:

 Spells                   Type           Power      Damage    Failure   Level
 Searing Ray              Conj           70%        2d7       1%          2
 Dazzling Flash           Conj/Hex       40%        N/A       7%          3
 Necrotise                Necr           20%        1d5       11%         1
 Summon Small Mammal      Summ           20%        N/A       11%         1
 Ensorcelled Hibernation  Hex/Ice        16%        N/A       17%         2
 Passwall                 Tmut/Erth      4%         N/A       17%         2
 Fulminant Prism          Conj/Hex       10%        3d8       24%         4
 Iskenderun's Mystic Bla  Conj/Tloc      20%        2d6       24%         4
 Swiftness                Air            5%         N/A       32%         3


Dungeon Overview and Level Annotations

Branches:
Dungeon (6/15)             Temple (0/1) D:5           Sewer (visited)

Altars:
Uskayaw
The Shining One

Shops:
D:4 !


Innate Abilities, Weirdness & Mutations

You can breathe wild blasts of lightning.
Your glossy black scales are hard. (AC +6)
You cannot fit into any form of body armour.
You are resistant to electric shocks. (rElec)
You are cold-blooded and may be slowed by cold attacks.


Message History

Press: ? - help, Shift-Dir - straight line, f/p - gnoll bouda
Aim: a gnoll bouda, wielding a +0 club and wearing a +0 leather armour (moderately wounded, 100% to hit)
The magic dart hits the gnoll bouda but does no damage.
The gnoll bouda is moderately wounded.
Casting: Magic Dart (safe; 1% risk of failure)
Confirm with . or Enter, or press ? or * to list all spells.
Aiming: Magic Dart (safe; 1% risk of failure)
Press: ? - help, Shift-Dir - straight line, f/p - gnoll bouda
Aim: a gnoll bouda, wielding a +0 club and wearing a +0 leather armour (moderately wounded, 100% to hit)
The magic dart hits the gnoll bouda.
The gnoll bouda is moderately wounded.
Casting: Magic Dart (safe; 1% risk of failure)
Confirm with . or Enter, or press ? or * to list all spells.
Aiming: Magic Dart (safe; 1% risk of failure)
Press: ? - help, Shift-Dir - straight line, f/p - gnoll bouda
Aim: a gnoll bouda, wielding a +0 club and wearing a +0 leather armour (moderately wounded, 100% to hit)
The magic dart hits the gnoll bouda.
The gnoll bouda is moderately wounded.
Your attacks no longer feel as feeble.
The gnoll bouda attacks as it pursues you!
The gnoll bouda hits you with a +0 club.
* * * LOW HITPOINT WARNING * * *
The gnoll bouda attacks as it pursues you!
The gnoll bouda closely misses you.
Found a quarterstaff.
The gnoll is no longer moving quickly.
The gnoll is no longer moving quickly.
The gnoll bouda gazes fiercely through you!
You feel your attacks grow feeble.
The gnoll bouda attacks as it pursues you!
The gnoll bouda barely misses you.
Found a murky white potion.
The gnoll bouda gazes fiercely through you!
You feel as though you will be weak longer.
The gnoll bouda attacks as it pursues you!
The gnoll bouda barely misses you.
The gnoll bouda gazes fiercely through you!
You feel as though you will be weak longer.
The gnoll bouda attacks as it pursues you!
The gnoll bouda hits you with a +0 club!
You die...

#.##.##)# .#...#.#
....... ...#.#
#.##.#
####.##.#######
#........gg..!#
##.##g##.#####.#
#.@g...g...# #.#
#...#!....#.#.#
#g# #..
###...#.#.# #g#
..# ..#..#.#.# #.#
.. #...###....#
#g# . #...#......#
#.#
###..)###.###.# #
#.....#.|.gg...#
#.#...###...###..#


You could see a gnoll bouda and 2 gnolls.

Vanquished Creatures
  Sigmund (D:5)
  Duvessa (D:5)
  Pargi (Sewer)
  A black bear (D:5)
  2 ogres
  2 phantoms (D:5)
  2 scorpions
  Dowan (D:5)
  A jelly (D:3)
  4 hounds
  An orc priest (D:3)
  Jessica (D:2)
  Natasha (thrice) (D:2)
  Ijyb (D:5)
  An iguana (D:5)
  2 orc wizards (D:5)
  2 sleepcaps
  Robin (D:5)
  2 gnolls (D:6)
  3 adders (D:2)
  A shadow imp (D:4)
  2 white imps
  2 ufetubi (D:6)
  4 worms
  4 dart slugs
  12 orcs
  4 ball pythons
  6 bats
  11 endoplasms
  5 giant cockroaches
  12 goblins
  11 hobgoblins
  2 jackals (D:1)
  10 kobolds
  12 quokkas
  3 frilled lizards
  5 rats
139 creatures vanquished.

Notes
Turn   | Place    | Note
-------+----------+-------------------------------------------
     0 | D:1      | phynasty the Draconian Conjurer began the quest for the
                  | Orb.
     0 | D:1      | Reached XP level 1. HP: 14/14 MP: 3/3
   304 | D:1      | Reached XP level 2. HP: 20/20 MP: 3/5
   797 | D:1      | Found a faded altar of an unknown god.
  1045 | D:1      | Reached XP level 3. HP: 26/26 MP: 4/6
  1410 | D:2      | Learned a level 1 spell: Apportation
  1505 | D:2      | Noticed Jessica
  1510 | D:2      | Killed Jessica
  1511 | D:2      | Reached skill level 5 in Conjurations
  1580 | D:2      | Reached XP level 4. HP: 33/33 MP: 1/7
  1635 | D:2      | Noticed Natasha
  1643 | D:2      | Killed Natasha
  1808 | D:2      | Noticed Natasha
  1844 | D:2      | Killed Natasha
  1845 | D:2      | Reached skill level 1 in Unarmed Combat
  1845 | D:2      | Reached XP level 5. HP: 6/38 MP: 0/8
  2077 | D:2      | Identified the +4 quarterstaff "Uqyodeol" {vamp, MP+9}
  2333 | D:2      | Noticed Natasha
  2341 | D:2      | Killed Natasha
  2752 | D:3      | Reached skill level 6 in Conjurations
  2938 | D:3      | Found a glowing drain.
  2942 | D:3      | Reached XP level 6. HP: 45/45 MP: 10/10
  2961 | Sewer    | Entered a sewer
  3135 | Sewer    | Noticed Pargi
  3152 | Sewer    | Killed Pargi
  4009 | D:4      | Found Ynyklu Ipiv's Distillery.
  4033 | D:4      | Bought a potion of heal wounds for 65 gold pieces
  4306 | D:4      | Reached skill level 1 in Staves
  4306 | D:4      | Your scales start taking on a glossy black colour.
  4306 | D:4      | Reached XP level 7. HP: 35/51 MP: 13/13
  4306 | D:4      | Gained mutation: You are resistant to electric shocks.
                  | (rElec) [Black Draconian growth]
  4310 | D:4      | Reached skill level 1 in Fighting
  4457 | D:4      | Found a hide-covered altar of Uskayaw.
  4661 | D:5      | Entered Level 5 of the Dungeon
  4702 | D:5      | Found a staircase to the Ecumenical Temple.
  4883 | D:5      | Found a glowing golden altar of the Shining One.
  4924 | D:5      | Noticed Robin
  4930 | D:5      | Killed Robin
  4982 | D:5      | Noticed Ijyb
  4993 | D:5      | Paralysed by Ijyb for 3 turns
  5003 | D:5      | Killed Ijyb
  5018 | D:5      | Reached skill level 7 in Conjurations
  5026 | D:5      | Reached XP level 8. HP: 44/59 MP: 14/15
  5132 | D:5      | Reached skill level 5 in Spellcasting
  5318 | D:5      | Noticed Dowan
  5319 | D:5      | Noticed Duvessa
  5340 | D:5      | Killed Duvessa
  5350 | D:5      | Killed Dowan
  5623 | D:5      | Noticed Sigmund
  5645 | D:5      | Killed Sigmund
  6226 | D:6      | HP: 3/62 [gnoll/+0 spear[a gnoll bouda] (4)]
  6233 | D:6      | HP: 3/62 [gnoll bouda/+0 club (2)]
  6245 | D:6      | Slain by a gnoll bouda

Illustrated notes

Levels and vault maps discovered:
D:1:      saegor_arrival_miasma, layout_basic,
          shapermc_ecumenical_altar_acropolis, nicolae_figureground_sparkle
D:2:      layout_rooms, uniq_jessica, uniq_natasha
D:3:      layout_loops_ring, portal_sewer_entry_f, grunt_ministairs_3
D:4:      layout_rooms, kennysheep_mini, serial_shops, nicolae_shop_waterfront
D:5:      layout_basic, tso_metal_star, minmay_temple_entry_ruins,
          nicolae_ossuary_entry_plus, nicolae_goblin_pals, uniq_duvessa,
          uniq_sigmund
D:6:      lemuel_insect_pit, layout_loops_ring,
          worldfamousw_hep_ancestral_shrine, nicolae_lava_and_water,
          hangedman_abyss_or_decor_slice, nicolae_titane

Skill      XL: |  1  2  3  4  5  6  7  8 |
---------------+-------------------------+-----
Dodging        | 2 3 |  3.7
Stealth        | 2 |  2.8
Conjurations   | 5 6 7 |  7.5
Unarmed Combat | 1 |  1.3
Spellcasting   | 3 4 5 |  5.5
Staves         | 1 2 3 |  3.9
Fighting       | 1 2 |  2.4
Evocations     | |  0.4

Action                     |  1- 3 |  4- 6 |  7- 9 || total
---------------------------+-------+-------+-------++-------
  Melee: Unarmed           |    16 |       |       ||    16
         Tailslap          |     2 |     3 |    11 ||    16
         Short sword       |       |    14 |       ||    14
         Quarterstaff      |       |    22 |   104 ||   126
   Cast: Magic Dart        |    74 |   187 |   103 ||   364
  Evoke: Wand              |       |       |     3 ||     3
    Use: Scroll            |     2 |     3 |       ||     5
         Potion            |       |       |     1 ||     1
 Armour: Skin              |    15 |    70 |   108 ||   193
  Dodge: Dodged            |    16 |    62 |    97 ||   175

Table legend: (Time is in decaauts)
 A = Elapsed time spent in this place.
 B = Non-inter-level travel time spent in this place.
 C = Inter-level travel time spent in this place.
 D = Time resting spent in this place.
 E = Time spent auto-exploring this place.
 F = Levels seen in this place.
 G = Mean time per level.
                   A        B        C        D        E       F      G
               +--------+--------+--------+--------+--------+-----+--------+
         Total |   6295 |   6047 |    248 |    419 |   4655 |   7 |  899.3 |
       Dungeon |   5997 |   5749 |    248 |    419 |   4419 |   6 |  999.5 |
         Sewer |    297 |    297 |      0 |      0 |    236 |   1 |  297.0 |
               +--------+--------+--------+--------+--------+-----+--------+

Top non-repeatable levels by time:
     D:1: 1535 daAuts
     D:5: 1429 daAuts
     D:2: 1059 daAuts
     D:3: 1009 daAuts
     D:4: 794 daAuts
   Sewer: 297 daAuts
     D:6: 169 daAuts
